[Event "FIDE World School-ch G-15 2025"]
[Site "Vrnjacka Banja"]
[Date "2025.03.22"]
[Round "3.1"]
[White "Japparbekova, Malika"]
[Black "Imomkuzieva, Nilufarkhon"]
[Result "1-0"]
[Annotator "NA RC"]
[ECO "C85"]
[WhiteElo "1878"]
[BlackElo "1983"]
[PlyCount "59"]
[EventDate "2025.03.19"]
[EventType "swiss"]
[EventCountry "SRB"]
[SourceTitle "playchess.com"]
[Source "ChessBase"]
[SourceQuality "1"]
[TimeControl "5400+30"]

1. e4 e5 2. Nf3 Nc6 3. Bb5 a6 4. Ba4 Nf6 5. O-O Be7 6. Bxc6 dxc6 7. d3 Bd6 8. Nbd2 c5 9. Nc4 Qe7 10. a4 b6 11. b3 Bb7 12. Nh4 g6 13. f4 Nd7 14. Nf3 O-O 15. fxe5 Nxe5 16. Ncxe5 Bxe5 17. Nxe5 Qxe5 18. Bf4 Qd4+ 19. Kh1 f5 20. Bh6 Rf6 21. Bg5 Rf7 22. Qc1 Raf8 23. Bh6 Re8 24. Rb1 Qd7 25. Qb2 fxe4 26. Rxf7 Qxf7 27. Kg1 e3 28. Rf1 Qe7 29. Re1 e2 30. Rxe2 1-0

[Event "FIDE World School-ch G-15 2025"]
[Site "Vrnjacka Banja"]
[Date "2025.03.22"]
[Round "3.2"]
[White "Preobrazhenskaya, Diana"]
[Black "Torres Ccahuay, Dayana Nievevska"]
[Result "1-0"]
[Annotator "NA RC"]
[ECO "C50"]
[WhiteElo "2032"]
[BlackElo "1840"]
[PlyCount "69"]
[EventDate "2025.03.19"]
[EventType "swiss"]
[EventCountry "SRB"]
[SourceTitle "playchess.com"]
[Source "ChessBase"]
[SourceQuality "1"]
[TimeControl "5400+30"]

1. e4 e5 2. Nf3 Nc6 3. Bc4 Be7 4. d4 exd4 5. Nxd4 Ne5 6. Bb3 d6 7. f4 Ng4 8. O-O N8f6 9. h3 Nh6 $16 10. Nc3 c6 11. f5 Nhg8 12. Bf4 h5 13. Qe2 Nd7 14. Qc4 Nh6 15. Nf3 Qb6+ 16. Kh1 Qc5 17. Qe2 Ne5 18. Be3 Qa5 19. Nxe5 dxe5 20. Qxh5 Qc7 21. g4 Bf6 22. g5 g6 23. fxg6 Nf5 24. gxf7+ Kf8 25. Bc5+ Nd6 26. Rxf6 Rxh5 27. Bxd6+ Qxd6 28. Rxd6 Bxh3 29. Rh6 Bg4+ 30. Kg2 Kg7 31. Rxh5 Bxh5 32. Rf1 Rd8 33. Kg3 b5 34. Rf5 b4 35. Na4 1-0

[Event "FIDE World School-ch G-15 2025"]
[Site "Vrnjacka Banja"]
[Date "2025.03.22"]
[Round "3.3"]
[White "Ferrer Naranjo, Liennys"]
[Black "Ashotia, Barbare"]
[Result "1-0"]
[Annotator "NA RC"]
[ECO "B13"]
[WhiteElo "1950"]
[BlackElo "1895"]
[PlyCount "137"]
[EventDate "2025.03.19"]
[EventType "swiss"]
[EventCountry "SRB"]
[SourceTitle "playchess.com"]
[Source "ChessBase"]
[SourceQuality "1"]
[TimeControl "5400+30"]

1. e4 c6 2. d4 d5 3. exd5 cxd5 4. Bd3 Nf6 5. c3 Bg4 6. Qb3 Qc7 7. Ne2 Bxe2 8. Bxe2 Nc6 9. O-O e6 10. Be3 Bd6 11. h3 O-O 12. Nd2 Ne7 13. c4 dxc4 14. Nxc4 Bh2+ 15. Kh1 Bf4 16. Rac1 Bxe3 17. Nxe3 Qf4 18. Bf3 Ng6 19. Qxb7 Rab8 20. Qc7 Qxd4 21. b3 Qh4 22. Rc4 Qg5 23. Ng4 Nh5 24. Rc5 f5 25. Rfc1 Nh4 26. Bb7 Nf4 27. Qd7 Rxb7 28. Qxb7 Nd3 29. R1c2 Nxc5 30. Rxc5 Rd8 31. Ne3 Qf6 32. Qc7 Rd2 33. Kg1 Rxa2 34. Qb8+ Kf7 35. Qc7+ Kg6 36. Nd5 Ra1+ 37. Kh2 Qg5 38. Nf4+ Kh6 39. Rc1 Ra2 40. Rf1 Rd2 41. Qe5 g6 42. Qb8 Rd8 43. Qe5 Re8 44. Kh1 Qe7 45. Nd3 Qb7 46. f3 Qxb3 47. Qe3+ g5 48. f4 Qb7 49. fxg5+ Kg6 50. Nf4+ Kf7 51. Qe5 Qe7 52. Ra1 Ng6 53. Nxg6 hxg6 54. Ra4 Kg8 55. h4 Rc8 56. Ra6 Re8 57. Qe3 Qh7 58. g3 Re7 59. Kg1 e5 60. Qb3+ Qf7 61. Rxg6+ Kf8 62. Rf6 e4 63. Rxf7+ Rxf7 64. Qb8+ Kg7 65. Qe5+ Kh7 66. h5 Kg8 67. Qe8+ Kg7 68. h6+ Kg6 69. Qg8+ 1-0

[Event "FIDE World School-ch G-15 2025"]
[Site "Vrnjacka Banja"]
[Date "2025.03.22"]
[Round "3.4"]
[White "Aadya Gupta"]
[Black "Biro, Beata"]
[Result "1/2-1/2"]
[Annotator "NA RC"]
[ECO "D12"]
[WhiteElo "1928"]
[BlackElo "1877"]
[PlyCount "166"]
[EventDate "2025.03.19"]
[EventType "swiss"]
[EventCountry "SRB"]
[SourceTitle "playchess.com"]
[Source "ChessBase"]
[SourceQuality "1"]
[TimeControl "5400+30"]

1. d4 d5 2. c4 c6 3. Nf3 Nf6 4. e3 Bf5 5. Nc3 e6 6. Nh4 Bg6 7. Nxg6 hxg6 8. g3 Nbd7 9. f4 Bb4 10. Bd3 dxc4 11. Bxc4 Ne4 12. O-O Bxc3 13. bxc3 Qa5 14. Bd3 Nxc3 15. Qf3 Qh5 16. Qxh5 Rxh5 17. Bd2 Na4 18. Rab1 O-O-O 19. Rfc1 Nab6 20. Be2 Rhh8 21. a4 Nxa4 22. Ra1 Nab6 23. Rxa7 Kc7 24. Bf3 Kb8 25. Ra2 f6 26. Rb2 Kc7 27. Ba5 Ra8 28. Bxb6+ Nxb6 29. Rcb1 Nd5 30. Rxb7+ Kd6 31. e4 Nc7 32. R7b6 Kd7 33. e5 Nd5 34. Bxd5 exd5 35. Rb7+ Ke6 36. Rxg7 fxe5 37. fxe5 Kf5 38. Re1 Ra2 39. Rf7+ Kg5 40. h4+ Kg4 41. Re3 Re8 42. Rf2 Ra4 43. Rd3 Rc4 44. Kg2 g5 45. hxg5 Kxg5 46. Rf7 c5 47. dxc5 Rxc5 48. Re3 d4 49. Rd3 Rd5 50. Rf4 Rexe5 51. Rfxd4 Rxd4 52. Rxd4 Ra5 53. Kh3 Rb5 54. Rg4+ Kh5 55. Rg8 Rb3 56. Kg2 Rb2+ 57. Kf3 Rb3+ 58. Ke2 Rb2+ 59. Kf3 Rb3+ 60. Kg2 Rb2+ 61. Kh3 Rb3 62. Rc8 Rb6 63. Rc5+ Kg6 64. Kh4 Ra6 65. g4 Rb6 66. Rg5+ Kh6 67. Rg8 Kh7 68. Rc8 Kg6 69. Rc5 Ra6 70. Rg5+ Kh6 71. Rg8 Kh7 72. Rd8 Kg6 73. Rd4 Rb6 74. Kg3 Rf6 75. Rb4 Kg5 76. Rb8 Ra6 77. Rg8+ Rg6 78. Rf8 Ra6 79. Rf5+ Kg6 80. Kh4 Rb6 81. Rf8 Ra6 82. Rg8+ Kh7 83. Rg5 Kh6 1/2-1/2

[Event "FIDE World School-ch G-15 2025"]
[Site "Vrnjacka Banja"]
[Date "2025.03.22"]
[Round "3.5"]
[White "Assylkhan, Asiya"]
[Black "Aydogan, Arya"]
[Result "1-0"]
[Annotator "NA RC"]
[ECO "E05"]
[WhiteElo "1969"]
[BlackElo "1766"]
[PlyCount "133"]
[EventDate "2025.03.19"]
[EventType "swiss"]
[EventCountry "SRB"]
[SourceTitle "playchess.com"]
[Source "ChessBase"]
[SourceQuality "1"]
[TimeControl "5400+30"]

1. d4 d5 2. c4 e6 3. Nf3 Nf6 4. g3 Be7 5. Bg2 O-O 6. O-O dxc4 7. Qc2 a6 8. a4 Bd7 9. Ne5 Bc6 10. Nxc6 Nxc6 11. e3 Na5 12. Nd2 c5 13. dxc5 Rc8 14. b4 cxb3 15. Nxb3 Nxb3 16. Qxb3 Bxc5 17. Rd1 Qe7 18. Qxb7 a5 19. Bd2 Qxb7 20. Bxb7 Rc7 21. Rab1 Rd8 22. Bf3 Ra7 23. Rb5 Bf8 24. Bxa5 Rc8 25. Ra1 Rc4 26. Be2 Rc2 27. Bd1 Rc6 28. Bb6 Ra6 29. Bd4 Rc4 30. Rb8 Nd7 31. Rd8 Rc7 32. Be2 Rd6 33. Bb5 e5 34. Bb2 Nc5 35. Bxe5 Rxd8 36. Bxc7 Rd2 37. Ba5 Rc2 38. Rd1 g6 39. Rd8 Kg7 40. Rc8 Ra2 41. Bb4 Nd7 42. Bc3+ Nf6 43. Bxf6+ Kxf6 44. Rxf8 Ke7 45. Rxf7+ Kxf7 46. Bc4+ Ke7 47. Bxa2 Kd6 48. f4 Kc5 49. e4 Kb4 50. Bb3 h6 51. f5 gxf5 52. exf5 h5 53. f6 Kxb3 54. f7 Kxa4 55. f8=Q Kb5 56. Qc8 Kb6 57. Qc4 Kb7 58. Qc5 Kb8 59. Qe7 Kc8 60. h3 Kb8 61. Qd7 Ka8 62. g4 hxg4 63. hxg4 Kb8 64. g5 Ka8 65. g6 Kb8 66. g7 Ka8 67. g8=Q# 1-0

[Event "FIDE World School-ch G-15 2025"]
[Site "Vrnjacka Banja"]
[Date "2025.03.22"]
[Round "3.6"]
[White "Smagina, Viktoria"]
[Black "Aldea, Maria-Antonia"]
[Result "0-1"]
[Annotator "NA RC"]
[ECO "B55"]
[WhiteElo "1669"]
[BlackElo "1954"]
[PlyCount "158"]
[EventDate "2025.03.19"]
[EventType "swiss"]
[EventCountry "SRB"]
[SourceTitle "playchess.com"]
[Source "ChessBase"]
[SourceQuality "1"]
[TimeControl "5400+30"]

1. e4 c5 2. Nf3 d6 3. d4 cxd4 4. Nxd4 Nf6 5. Bd3 Nc6 6. Nxc6 bxc6 7. c4 g6 8. Nc3 Nd7 9. Bd2 a5 10. O-O Bg7 11. Qc1 O-O 12. Kh1 Nc5 13. Bc2 Rb8 14. Rb1 f5 $11 15. f3 Ba6 16. b3 f4 17. Ne2 e5 18. g3 g5 19. gxf4 gxf4 20. Rd1 Qh4 21. Bxa5 Rf6 22. Rg1 Rh6 23. Rg2 Qh5 24. Qf1 Ne6 25. Rd1 Ng5 26. Ng1 Re8 27. Bc7 Ree6 28. Bd8 Nf7 29. Bc7 Reg6 30. Rdd2 Ng5 31. Bd8 Nf7 32. Rxg6 hxg6 33. Bc7 Bf8 34. Qg2 Bc8 35. a4 c5 36. Bd1 Qh4 37. a5 Qe7 38. Bb6 Ng5 39. Ra2 Ba6 40. Qd2 Ne6 41. Qd5 Bb7 42. Qd2 Nd4 43. a6 Ba8 44. a7 g5 45. Qa5 Nc6 46. Qa3 Nb4 47. Rg2 Kh8 48. Ba5 Nc6 49. Bb6 Qb7 50. Ba5 Qxa7 51. b4 cxb4 52. Bxb4 Qxa3 53. Bxa3 Be7 54. Ba4 Nd4 55. Rb2 Kg7 56. Rb6 Nxf3 57. Nxf3 Bxe4 58. Bc6 d5 59. Bxe7 Bxf3+ 60. Kg1 d4 61. Bxf3 Rxb6 62. Bxg5 d3 63. Kf2 Rb2+ 64. Ke1 Rc2 65. Bd5 Rxh2 66. Be4 Re2+ 67. Kd1 Rxe4 68. c5 Rc4 69. Be7 Kf7 70. Bd6 Ke6 71. Kd2 Kd5 72. Kxd3 Rxc5 73. Bxc5 Kxc5 74. Ke4 Kc4 75. Kf3 Kd3 76. Kf2 e4 77. Ke1 Ke3 78. Kf1 Kd2 79. Kf2 e3+ 0-1